Map: Lerilak Crest

Players

Solar

  • Race: Zerg Zerg
  • League: Master

Reality - Winner!

  • Race: Terran Terran
  • League: Master

Event: Team Gravity's Tournament of Champions #5

VOD

Have the link to the VOD?

Description

Time

  • Played on: Nov. 15, 2015, 9:07 p.m.
  • Length: 8:04

All games in this series

Show
View Real Time Build Order
Export as new Build Order

Solar Zerg 

Build Orders: Hatch First 

Get SALT Encoding   

  12  0:00  Drone  
  13  0:12  Overlord  
  13  0:17  Drone  
  14  0:30  Drone x2  
  14  0:33  Drone  
  17  0:52  Hatchery  
  17  0:54  Drone  
  17  0:57  Drone  
  17  1:03  Extractor  
  17  1:07  Drone  
  18  1:15  Spawning Pool  
  17  1:19  Drone  
  18  1:28  Drone  
  19  1:38  Overlord  
  19  1:56  Drone  
  20  2:02  Queen  
  20  2:05  Metabolic Boost, Queen  
  20  2:06  Zergling x2  
  20  2:07  Drone  
  26  2:10  Zergling x2  
  26  2:15  Drone  
  28  2:22  Zergling x2  
  29  2:27  Drone  
  30  2:33  Drone  
  31  2:39  Overlord  
  31  2:41  Queen  
  33  2:49  Zergling x4  
  35  2:59  Drone x2  
  37  3:07  Zergling x2  
  37  3:09  Zergling x2  
  37  3:11  Drone x2  
  37  3:12  Overlord  
  41  3:14  Drone  
  41  3:16  Overlord  
  41  3:17  Hatchery  
  41  3:18  Drone  
  42  3:20  Drone  
  42  3:26  Zergling x2  
  44  3:35  Drone x2  
  44  3:38  Drone  
  47  3:46  Drone x2  
  47  3:48  Drone x3  
  52  3:52  Overlord  
  49  3:58  Drone  
  49  4:00  Drone x2  
  50  4:05  Extractor x2  
  50  4:06  Zergling x2  
  50  4:07  Roach Warren  
  48  4:10  Zergling x2  
  48  4:15  Zergling x2  
  47  4:29  Drone x3  
  50  4:32  Drone  
  50  4:34  Queen  
  50  4:35  Drone x2  
  50  4:37  Overlord  
  55  4:48  Roach x5  
  65  4:58  Roach  
  65  4:59  Roach x2  
  68  5:03  Drone x2  
  68  5:04  Extractor  
  69  5:07  Drone x3  
  69  5:09  Drone  
  73  5:15  Drone x2  
  73  5:19  Queen  
  73  5:21  Overlord  
  77  5:22  Overlord  
  77  5:26  Drone  
  77  5:27  Zergling x4  
  80  5:32  Zergling x2  
  80  5:35  Overlord x2  
  81  5:38  Zergling x2  
  81  5:40  Ravager x3  
  81  5:41  Ravager x4  
  88  5:43  Roach  
  88  5:44  Zergling x2  
  88  5:45  Overlord x2, Zergling x2  
  88  5:47  Zergling x2  
  88  5:48  Roach  
  95  5:55  Roach x2  
  99  6:00  Zergling x4  
  101  6:04  Overlord  
  101  6:05  Zergling x2  
  101  6:06  Zergling x2  
  102  6:14  Zergling x6  
  98  6:19  Roach x2  
  98  6:23  Roach  
  98  6:24  Roach x2  
  90  6:26  Roach  
  90  6:32  Ravager  
  92  6:36  Zergling x6  
  95  6:43  Ravager  
  95  6:44  Ravager x3  
  95  6:45  Overlord  
  95  6:46  Zergling x4  
  101  6:49  Hatchery, Zergling x6  
  101  6:52  Ravager  
  101  6:53  Zergling x4  
  106  6:55  Zergling x8  
  106  6:56  Zergling x4  
  106  6:59  Ravager  
  106  7:00  Ravager  
  114  7:03  Zergling x4  
  114  7:06  Ravager  
  117  7:09  Zergling x4  
  117  7:13  Ravager  
  120  7:16  Overlord  
  120  7:17  Zergling x2  
  120  7:19  Zergling x6  
  120  7:21  Ravager  
  125  7:24  Zergling x14  
  107  7:38  Zergling x6  
  107  7:40  Zergling x2  
Show
View Real Time Build Order
Export as new Build Order

Reality Terran - Winner!

Build Orders: MMM Bio 

Get SALT Encoding   

  12  0:00  SCV  
  13  0:12  SCV  
  14  0:16  Supply Depot  
  14  0:24  SCV  
  15  0:38  SCV  
  15  0:40  Barracks  
  16  0:44  Refinery  
  16  0:50  SCV  
  17  1:02  SCV  
  18  1:14  SCV  
  19  1:27  Barracks Reactor  
  19  1:28  Orbital Command  
  19  1:39  Command Center  
  19  1:50  Supply Depot  
  19  1:54  SCV  
  20  2:04  Reaper x2  
  20  2:06  SCV  
  23  2:11  Barracks  
  23  2:18  SCV  
  23  2:21  Barracks  
  24  2:27  Refinery  
  24  2:30  SCV  
  25  2:37  Reaper  
  25  2:41  Reaper  
  25  2:42  SCV  
  28  2:51  Orbital Command  
  28  2:54  SCV  
  29  3:04  Barracks Tech Lab  
  29  3:07  SCV  
  29  3:09  Supply Depot, Marine x2  
  32  3:12  Marine  
  32  3:18  SCV  
  34  3:22  SCV  
  34  3:24  Stimpack  
  35  3:29  Marine x2  
  35  3:34  SCV x2  
  38  3:40  Factory  
  39  3:43  Bunker  
  39  3:46  SCV x2  
  39  3:48  Marine  
  42  3:49  Marine  
  43  3:56  Marine  
  43  3:57  Marine  
  43  3:58  SCV  
  43  3:59  SCV  
  46  4:11  SCV  
  46  4:13  SCV  
  46  4:14  Marine x2  
  46  4:15  Marine  
  51  4:19  Supply Depot  
  51  4:23  SCV  
  52  4:28  Factory Reactor  
  52  4:31  Starport  
  52  4:33  SCV, Supply Depot  
  52  4:35  SCV, Engineering Bay  
  52  4:38  Supply Depot, Barracks Reactor  
  54  4:41  Marine x2  
  54  4:42  Marine  
  57  4:47  SCV  
  57  4:51  SCV  
  59  5:00  SCV  
  59  5:01  Marine x3  
  59  5:03  SCV  
  59  5:05  Terran Infantry Weapons Level 1  
  59  5:06  Supply Depot  
  63  5:14  Medivac x2  
  67  5:17  Marine x2  
  67  5:19  Marine x3  
  72  5:22  Factory Tech Lab  
  72  5:25  Command Center, Refinery  
  72  5:27  Combat Shields  
  72  5:30  Refinery  
  72  5:37  Marine x5  
  77  5:47  SCV x2  
  77  5:48  Siege Tank, Barracks  
  77  5:49  Barracks  
  82  5:59  SCV  
  82  6:01  SCV  
  82  6:11  SCV, Marauder, Marine  
  82  6:12  Marine  
  82  6:13  Marine  
  82  6:17  SCV  
  82  6:23  SCV  
  76  6:26  Marine  
  76  6:29  Medivac x2, Marine  
  76  6:32  Siege Tank  
  84  6:35  Supply Depot, SCV  
  84  6:36  Barracks Reactor, Barracks Tech Lab  
  84  6:37  Orbital Command  
  85  6:40  SCV  
  86  6:47  SCV, Marine x2  
  86  6:48  Marine x2  
  86  6:49  Concussive Shells, Marauder  
  86  6:52  Supply Depot x2  
  86  6:53  SCV  
  94  6:55  Orbital Command  
  94  7:00  Supply Depot  
  94  7:02  Marauder  
  94  7:05  Marine x3  
  94  7:06  Marine  
  100  7:09  Siege Tank  
  100  7:10  Marauder  
  105  7:16  SCV  
  105  7:17  SCV  
  105  7:22  SCV  
  108  7:24  Medivac x2  
  108  7:29  Marauder  
  114  7:31  Marine  
  114  7:32  Marauder, Marine  
  114  7:36  SCV  
  114  7:44  Marine x3  

Tags
 
Add a new tag
Caveats
  • Supply blocks, unpowered buildings, or Contaminate may cause inaccurate times.
  • Supply counts are checked every 10 seconds.